 Dungeon Crawl Stone Soup version 0.25-a0-505-gae4569222e (webtiles) character file.

Game seed: 6123666992965965782, levelgen mode: deterministic

1496 keitee the Cruncher (level 8, 0/49 HPs)
             Began as a Gargoyle Gladiator on Feb 14, 2020.
             Was an Initiate of Okawaru.
             Slain by a freezing wraith (11 damage)
             ... on level 6 of the Dungeon.
             The game lasted 00:32:48 (6111 turns).

keitee the Cruncher (Gargoyle Gladiator)            Turns: 6111, Time: 00:32:48

Health: 0/49       AC: 20    Str: 20    XL:     8   Next: 81%
Magic:  9/9        EV:  7    Int:  9    God:    Okawaru [......]
Gold:   313        SH:  0    Dex: 11    Spells: 7/7 levels left

rFire    . . .     SeeInvis .   a - +0 quarterstaff
rCold    . . .     Gourm    .   (shield currently unavailable)
rNeg     + . .     Faith    .   o - +0 plate armour
rPois    ∞         Spirit   .   c - +0 helmet
rElec    +         Reflect  .   (no cloak)
rCorr    .         Harm     .   r - +0 pair of gloves
MR       .....                  (no boots)
Stlth    ..........             (no amulet)
HPRegen  0.16/turn              (no ring)
MPRegen  0.11/turn              (no ring)

@: slowed, very slow
A: negative energy resistance 1, electricity resistance, unbreathing,
petrification resistance, rot immunity, AC +5
a: Renounce Religion


You were on level 6 of the Dungeon.
You worshipped Okawaru.
Okawaru was noncommittal.
You were not hungry.

You visited 2 branches of the dungeon, and saw 7 of its levels.

You collected 313 gold pieces.

Inventory:

Hand Weapons
 a - a +0 quarterstaff (weapon)
 y - a +0 antimagic dagger
 H - a +2 shortbow of flaming
Missiles
 d - 3 throwing nets (quivered)
 I - 23 arrows
Armour
 c - a +0 helmet (worn)
 o - a +0 plate armour (worn)
 r - a +0 pair of gloves (worn)
Jewellery
 j - an uncursed ring of fire {unknown}
 k - a cursed ring of protection from cold {unknown}
 l - an uncursed ring of poison resistance {unknown}
 q - a +3 ring of slaying {unknown}
 v - an uncursed ring of stealth {unknown}
 x - a cursed amulet of inaccuracy {unknown}
 A - an uncursed ring of poison resistance {unknown}
 E - a +4 ring of dexterity {unknown}
Wands
 z - a wand of acid (7)
Scrolls
 e - 5 scrolls of identify {unknown}
 h - 2 scrolls of immolation {unknown}
 m - 2 scrolls of enchant armour {unknown}
 p - a scroll of teleportation {unknown}
 u - 3 scrolls of blinking {unknown}
 B - 2 scrolls of remove curse {unknown}
 D - a scroll of amnesia {unknown}
 F - a scroll of holy word {unknown}
 G - a scroll of silence {unknown}
Potions
 b - a potion of magic {unknown}
 g - a potion of ambrosia {unknown}
 i - 2 potions of resistance {unknown}
 n - 2 potions of agility {unknown}
 s - a potion of heal wounds {unknown}
 t - a potion of mutation {unknown}
 w - a potion of curing
 C - a potion of lignification {unknown}
Comestibles
 f - 9 rations


   Skills:
 + Level 5.3 Fighting
 + Level 8.4 Staves
 - Level 1.8 Throwing
 + Level 5.2 Armour
 - Level 2.5 Dodging
 - Level 1.4 Stealth
 + Level 1.5 Evocations


You had 7 spell levels left.
You didn't know any spells.
Your spell library contained the following spells:

 Spells                   Type           Power        Failure   Level  Hunger
 Beastly Appendage        Tmut           #.....       100%        1    ##.....
 Sticks to Snakes         Tmut           #.......     100%        2    ###....
 Spider Form              Tmut/Pois      #.........   100%        3    ####...
 Ice Form                 Ice/Tmut       #.......     100%        4    #####..
 Blade Hands              Tmut           #.........   100%        5    ######.


Dungeon Overview and Level Annotations

Branches:
Dungeon (6/15)             Temple (1/1) D:6

Altars:
Ashenzari
Cheibriados
Elyvilon
Fedhas
Gozag
Okawaru
Qazlal
Ru
Sif Muna
Vehumet
Wu Jian
Xom
Yredelemnul
The Shining One

Shops:
D:5 :

Annotations:
D:6 1 transporter


Innate Abilities, Weirdness & Mutations

You are resistant to torment.
Your stone body is resilient. (AC +5)
You are immune to poison.
You resist negative energy. (rN+)
You are resistant to electric shocks. (rElec)
You can survive without breathing.
You are immune to petrification.
You are immune to rotting.


Message History

The worker ant zombie barely misses you.
The wraith closely misses you. The freezing wraith barely misses you.
The freezing wraith hits you. The freezing wraith drains your vigour!
You feel yourself slow down.
You hit the freezing wraith.
The freezing wraith is lightly damaged.
The worker ant zombie bites you but does no damage.
The wraith hits you but does no damage. The freezing wraith hits you.
The freezing wraith freezes you!!
The freezing wraith hits you but does no damage.
The worker ant zombie bites you but does no damage.
The wraith hits you but does no damage.
The freezing wraith hits you but does no damage.
The freezing wraith hits you. The freezing wraith drains your vigour!
You feel as though you will be slow longer.
The worker ant zombie barely misses you.
The freezing wraith hits you.
* * * LOW HITPOINT WARNING * * *
The freezing wraith freezes you!
You die...

#.......#####.##
#.##########...#####
#.# ##.....©.....##
#># #..#########..#
#.# #.##8$._.$8##.#
#.# #.#..$($/$..#.#
#.#####.#.##...##.#.#
#.......#.##...##.#.#
########.#.....Z@.©#.#
.........#.##.WW##.#.#
#######..#.##.©.##.#.#
#..#......(..#.#
#..##8.....8##.#
#...#########..#
#.......©.....##
##........#####
#####...##


You could see a freezing wraith, a wraith and a worker ant zombie.

Vanquished Creatures
  Sigmund (D:5)
  Edmund (D:5)
  Duvessa (D:4)
  An ice beast (D:5)
  A centaur (D:6)
  An ogre (D:5)
  A gnoll sergeant (D:5)
  Dowan (D:4)
  4 wights (D:6)
  2 howler monkeys (D:5)
  A crimson imp (D:6)
  2 hounds (D:5)
  2 orc priests
  An orc wizard (D:4)
  A worker ant (D:4)
  Natasha (thrice) (D:2)
  2 hound skeletons (D:6)
  A worker ant zombie (D:6)
  7 adders
  4 gnolls (D:5)
  2 shadow imps
  2 oozes (D:3)
  An adder skeleton (D:4)
  A worm (D:4)
  2 dart slugs
  A leopard gecko (D:6)
  9 orcs
  2 giant cockroaches
  4 goblins
  8 hobgoblins
  4 jackals
  A quokka (D:3)
  2 ball pythons
  4 bats
  A frilled lizard (D:1)
  2 kobolds (D:2)
  7 rats
91 creatures vanquished.

Vanquished Creatures (others)
  A quokka (D:4)
1 creature vanquished.

Grand Total: 92 creatures vanquished

Notes
Turn   | Place    | Note
-------+----------+-------------------------------------------
     0 | D:1      | keitee the Gargoyle Gladiator began the quest for the Orb.
     0 | D:1      | Reached XP level 1. HP: 12/12 MP: 1/1
   410 | D:1      | Reached XP level 2. HP: 17/17 MP: 2/2
   860 | D:2      | Reached XP level 3. HP: 21/22 MP: 3/3
   906 | D:2      | Noticed Natasha
   913 | D:2      | Killed Natasha
   913 | D:2      | Reached skill level 4 in Staves
   963 | D:2      | Noticed Natasha
  1233 | D:2      | Killed Natasha
  1233 | D:2      | Reached skill level 1 in Armour
  1233 | D:2      | Reached XP level 4. HP: 27/27 MP: 4/4
  1508 | D:2      | Noticed Natasha
  1520 | D:2      | Killed Natasha
  1656 | D:3      | Reached XP level 5. HP: 29/32 MP: 5/5
  2046 | D:3      | Noticed an ogre
  2698 | D:3      | Found a blossoming altar of Fedhas.
  2768 | D:4      | Noticed Duvessa
  2769 | D:4      | Noticed Dowan
  2787 | D:4      | Killed Duvessa
  2787 | D:4      | Reached skill level 5 in Staves
  2787 | D:4      | Reached skill level 1 in Stealth
  2787 | D:4      | Reached XP level 6. HP: 32/37 MP: 6/6
  2808 | D:4      | Killed Dowan
  2978 | D:4      | Found a white marble altar of Elyvilon.
  3019 | D:4      | Found a sacrificial altar of Ru.
  3151 | D:4      | Reached skill level 6 in Staves
  3389 | D:5      | Entered Level 5 of the Dungeon
  3392 | D:5      | Reached XP level 7. HP: 41/41 MP: 7/7
  3680 | D:5      | Noticed Edmund
  3718 | D:5      | Killed Edmund
  3718 | D:5      | Reached skill level 7 in Staves
  3962 | D:5      | Found Faosyg Tetet's Book Emporium.
  4078 | D:5      | Found an opulent altar of Gozag.
  4138 | D:5      | Found a snail-covered altar of Cheibriados.
  4141 | D:5      | Reached XP level 8. HP: 48/48 MP: 8/8
  4199 | D:5      | Noticed Sigmund
  4221 | D:5      | Killed Sigmund
  4314 | D:5      | Reached skill level 8 in Staves
  4778 | D:6      | Found a shattered altar of Ashenzari.
  4806 | D:6      | Found a staircase to the Ecumenical Temple.
  4895 | Temple   | Entered the Ecumenical Temple
  5186 | Temple   | Became a worshipper of Warmaster Okawaru
  5340 | D:6      | Reached skill level 5 in Fighting
  5351 | D:6      | Reached skill level 1 in Evocations
  5504 | D:6      | Reached skill level 5 in Armour
  5795 | D:6      | Noticed a wraith
  5799 | D:6      | Found a transporter.
  5802 | D:6      | Found an ornate altar of the Wu Jian Council.
  5804 | D:6      | Noticed a freezing wraith
  5931 | D:6      | Found a transporter.
  6111 | D:6      | Slain by a freezing wraith

Levels and vault maps discovered:
D:1:      dpeg_arrival_pond, layout_loops_cross, minmay_misc_feat_encased
D:2:      layout_loops_ring, uniq_natasha
D:3:      layout_loops_ring, kennysheep_donut, fedhas_altar_1
D:4:      layout_basic, lemuel_doored_altar, elyvilon_altar_4, uniq_duvessa
D:5:      layout_layer_cave, overflow_temple_1_default, first_ration,
          serial_shops, nicolae_shop_competitors_out_of_business,
          nicolae_gozag_seed_capital, uniq_sigmund, uniq_edmund
D:6:      layout_basic, gammafunk_temple_overflow_arena, old_standard_altar,
          minmay_temple_entry_proselytizer, chequers_avenue, grunt_ministairs_2,
          item_on_display_a
Temple:   compressed_dpeg_triangle_lava_temple

Skill      XL: |  1  2  3  4  5  6  7  8 |
---------------+-------------------------+-----
Staves         | 4 5 6 7 8 |  8.4
Armour         | 1 2 3 5 |  5.2
Fighting       | 3 4 5 |  5.3
Stealth        | 1 |  1.4
Evocations     | 1 |  1.5
Throwing       | |  1.8
Dodging        | |  2.5

Action                   |  1- 3 |  4- 6 |  7- 9 || total
-------------------------+-------+-------+-------++-------
Melee: Quarterstaff      |    57 |   160 |   263 ||   480
  Eat: Chunk             |     1 |     4 |     1 ||     6
       Ration            |       |     1 |     3 ||     4
Armor: Leather armour    |    16 |       |       ||    16
       Plate armour      |    17 |   115 |   198 ||   330
Dodge: Dodged            |    29 |    58 |    87 ||   174

Table legend:
 A = Non-vault XP
 B = Vault XP
 C = Vault XP percentage of total XP
 D = Non-vault monster count
 E = Vault monster count
 F = Vault count percentage of total count
                 A         B        C        D         E       F
            +---------+---------+-------+---------+---------+-------
      Total |    1196 |     942 |  44.1 |      79 |      12 |  13.2
            +---------+---------+-------+---------+---------+-------
        D:1 |      14 |       0 |   0.0 |       9 |       0 |   0.0
        D:2 |     101 |      32 |  24.1 |      14 |       1 |   6.7
        D:3 |      47 |       0 |   0.0 |      14 |       0 |   0.0
        D:4 |     129 |     233 |  64.4 |      12 |       2 |  14.3
        D:5 |     678 |     391 |  36.6 |      22 |       2 |   8.3
        D:6 |     227 |     286 |  55.8 |       8 |       7 |  46.7
            +---------+---------+-------+---------+---------+-------
